SAAA
BANGOR TRIDENT BASE OGRES @ TREMONT DOUBLEDAYS
06/14/2017
 
TOP OF THE 1ST
Yonkers Warlords batting - Pitching for Gryfindor Braves : LHP Dusty Mueller
Pitching: LHP Dusty Mueller
Batting: LHB Mark Evans 0-0: Called Strike
0-1: Ball
1-1: SINGLE (Groundball, 34D)
Batting: RHB Lance Davis 0-0: Swinging Strike
0-1: Fielders Choice at 2nd, 6-4 (Groundball, 6M)
Batting: RHB José Ayala 0-0: Called Strike
0-1: Ground out 5-3 (Groundball, 56S)
Lance Davis to second
Batting: SHB Sherwood Hoffman 0-0: Called Strike
0-1: Called Strike
0-2: Ground out 4-3 (Groundball, 13)
Top of the 1st over - 0 run(s), 1 hit(s), 0 error(s), 1 left on base; Yonkers 0 - Gryfindor 0
BOTTOM OF THE 1ST
Gryfindor Braves batting - Pitching for Yonkers Warlords : RHP Jerry Thomas
Pitching: RHP Jerry Thomas
Batting: RHB Jim Unknown 0-0: Called Strike
0-1: Swinging Strike
0-2: Ball
1-2: Fly out, F4 (Popup, 4)
Batting: RHB Jim Unknown 0-0: Ball
1-0: Fly out, F3 (Line Drive, 3)
Batting: RHB Manuel González 0-0: Ball
1-0: Called Strike
1-1: SINGLE (Line Drive, 8RS)
Batting: LHB Fernando Martínez 0-0: Called Strike
0-1: Ball
1-1: SINGLE (Groundball, 34)
Manuel González to second
Runner from 2nd tries for 3rd, SAFE, throw made to third
Batting: RHB Kyle Wilson 0-0: Called Strike
0-1: Called Strike
0-2: Foul Ball, location: 2F
0-2: 3-RUN HOME RUN (Flyball, 9D), Distance : 378 ft
Batting: SHB Jim Unknown 0-0: Foul Ball, location: 2F
0-1: Ball
1-1: Called Strike
1-2: Fly out, F8 (Flyball, 8LM)
Bottom of the 1st over - 3 run(s), 3 hit(s), 0 error(s), 0 left on base; Yonkers 0 - Gryfindor 3
TOP OF THE 2ND
Yonkers Warlords batting - Pitching for Gryfindor Braves : LHP Dusty Mueller
Batting: RHB Pedro Robles 0-0: Ball
1-0: Foul Ball, location: 2F
1-1: Ball
2-1: Ball
3-1: Called Strike
3-2: Strikes out swinging
Batting: RHB Dani Espinosa 0-0: Ground out 5-3 (Groundball, 5)
Batting: RHB Phil Fleming 0-0: Foul Ball, location: 2F
0-1: SINGLE (Groundball, 4D)
Batting: RHB Leonard Jones 0-0: Called Strike
0-1: Ball
1-1: Ball
2-1: Called Strike
2-2: Ball
3-2: Fly out, F4 (Popup, 4D)
Top of the 2nd over - 0 run(s), 1 hit(s), 0 error(s), 1 left on base; Yonkers 0 - Gryfindor 3
BOTTOM OF THE 2ND
Gryfindor Braves batting - Pitching for Yonkers Warlords : RHP Jerry Thomas
Batting: RHB José Casarreal 0-0: Foul Ball, location: 2F
0-1: SINGLE (Groundball, 6MD)
Batting: LHB Jim Unknown 0-0: Ball
1-0: Called Strike
1-1: Called Strike
1-2: Foul Ball, location: 2F
1-2: Ball
2-2: Ball
3-2: Foul Ball, location: 2F
3-2: Base on Balls
José Casarreal to second
Batting: RHB Jim Unknown 0-0: Fly out, F8 (Flyball, 8LM)
Batting: RHB Jim Unknown 0-0: Called Strike
0-1: Foul Ball, location: 2F
0-2: Ball
1-2: Strikes out looking
Batting: RHB Jim Unknown 0-0: Called Strike
0-1: Called Strike
0-2: Ball
1-2: Foul Ball, location: 2F
1-2: Strikes out looking
Bottom of the 2nd over - 0 run(s), 1 hit(s), 0 error(s), 2 left on base; Yonkers 0 - Gryfindor 3
TOP OF THE 3RD
Yonkers Warlords batting - Pitching for Gryfindor Braves : LHP Dusty Mueller
Batting: RHB Joe Smith 0-0: Ball
1-0: Called Strike
1-1: Swinging Strike
1-2: Ball
2-2: Foul Ball, location: 2F
2-2: Strikes out swinging
Batting: LHB Mark Evans 0-0: Ball
1-0: Ball
2-0: Called Strike
2-1: Called Strike
2-2: Foul Ball, location: 2F
2-2: Strikes out looking
Batting: RHB Lance Davis 0-0: Called Strike
0-1: Swinging Strike
0-2: Foul Ball, location: 2F
0-2: Strikes out swinging
Top of the 3rd over - 0 run(s), 0 hit(s), 0 error(s), 0 left on base; Yonkers 0 - Gryfindor 3
BOTTOM OF THE 3RD
Gryfindor Braves batting - Pitching for Yonkers Warlords : RHP Jerry Thomas
Batting: RHB Manuel González 0-0: Ball
1-0: Ball
2-0: Foul Ball, location: 2F
2-1: Ball
3-1: Called Strike
3-2: Fly out, F9 (Line Drive, 9S)
Batting: LHB Fernando Martínez 0-0: Called Strike
0-1: Ball
1-1: Fly out, F8 (Flyball, 8LS)
Batting: RHB Kyle Wilson 0-0: Ball
1-0: Fly out, F8 (Flyball, 8LM)
Bottom of the 3rd over - 0 run(s), 0 hit(s), 0 error(s), 0 left on base; Yonkers 0 - Gryfindor 3
TOP OF THE 4TH
Yonkers Warlords batting - Pitching for Gryfindor Braves : LHP Dusty Mueller
Batting: RHB José Ayala 0-0: TRIPLE (Flyball, 9LS)
Batting: SHB Sherwood Hoffman 0-0: Ball
1-0: Fly out, F7 (Flyball, 78M)
Runner from 3rd tags up, SCORES, no throw
Batting: RHB Pedro Robles 0-0: Ground out 6-3 (Groundball, 6)
Batting: RHB Dani Espinosa 0-0: Fly out, F8 (Flyball, 8RM)
Top of the 4th over - 1 run(s), 1 hit(s), 0 error(s), 0 left on base; Yonkers 1 - Gryfindor 3
BOTTOM OF THE 4TH
Gryfindor Braves batting - Pitching for Yonkers Warlords : RHP Jerry Thomas
Batting: SHB Jim Unknown 0-0: Called Strike
0-1: Foul Ball, location: 2F
0-2: Strikes out looking
Batting: RHB José Casarreal 0-0: Ball
1-0: Ball
2-0: Ball
3-0: Base on Balls
Batting: LHB Jim Unknown 0-0: Foul Ball, location: 2F
0-1: Swinging Strike
0-2: Strikes out swinging
Batting: RHB Jim Unknown Balk!
José Casarreal to second
0-0: Called Strike
0-1: Ball
1-1: Foul Ball, location: 2F
1-2: Strikes out looking
Bottom of the 4th over - 0 run(s), 0 hit(s), 0 error(s), 1 left on base; Yonkers 1 - Gryfindor 3
TOP OF THE 5TH
Yonkers Warlords batting - Pitching for Gryfindor Braves : LHP Dusty Mueller
Batting: RHB Phil Fleming 0-0: Ball
1-0: SINGLE (Groundball, 56S)
Batting: RHB Leonard Jones 0-0: SINGLE (Line Drive, 34D)
Phil Fleming to second
Runner from 2nd tries for 3rd, SAFE, no throw or cutoff
Batting: RHB Joe Smith 0-0: Ball
1-0: Foul Ball, location: 2F
1-1: Ball
2-1: Ball
3-1: Swinging Strike
3-2: Strikes out looking
Batting: LHB Mark Evans 0-0: Ball
1-0: Foul Ball, location: 2F
1-1: Foul Ball, location: 2F
1-2: Fielders Choice at 2nd, 1-6 (Groundball, 13S)
Batting: RHB Lance Davis 0-0: Ball
1-0: Swinging Strike
1-1: 3-RUN HOME RUN (Flyball, 7LD), Distance : 365 ft
Batting: RHB José Ayala 0-0: Ball
1-0: Ball
2-0: Ball
3-0: Base on Balls
Batting: SHB Sherwood Hoffman 0-0: Ball
1-0: Called Strike
1-1: Ball
2-1: Ball
3-1: Foul Ball, location: 2F
3-2: Fly out, F2 (Popup, 2LF)
Top of the 5th over - 3 run(s), 3 hit(s), 0 error(s), 1 left on base; Yonkers 4 - Gryfindor 3
BOTTOM OF THE 5TH
Gryfindor Braves batting - Pitching for Yonkers Warlords : RHP Jerry Thomas
Batting: RHB Jim Unknown 0-0: Reached on error, E4 (Groundball, 34)
Batting: RHB Jim Unknown 0-0: Bunt missed!
0-1: Bunted foul
0-2: Ball
1-2: Ball
2-2: Strikes out swinging
Batting: RHB Manuel González 0-0: Ball
1-0: 2-RUN HOME RUN (Flyball, 7LD), Distance : 361 ft
Pitching: RHP Clinton Anderson
Batting: LHB Fernando Martínez 0-0: Hit by Pitch
Batting: RHB Kyle Wilson 0-0: Swinging Strike
0-1: SINGLE (Flyball, 7LS)
Fernando Martínez to second
Batting: SHB Jim Unknown 0-0: Called Strike
0-1: Swinging Strike
0-2: Ball
1-2: Ball
2-2: Ball
3-2: Base on Balls
Fernando Martínez to third
Kyle Wilson to second
Batting: RHB José Casarreal 0-0: Ball
1-0: Called Strike
1-1: Called Strike
1-2: Ball
2-2: Fly out, F7 (Flyball, 7M)
Runner from 3rd tags up, OUT at HOME
Bottom of the 5th over - 2 run(s), 2 hit(s), 1 error(s), 2 left on base; Yonkers 4 - Gryfindor 5
TOP OF THE 6TH
Yonkers Warlords batting - Pitching for Gryfindor Braves : LHP Dusty Mueller
Batting: RHB Pedro Robles 0-0: Ball
1-0: Foul Ball, location: 2F
1-1: Foul Ball, location: 2F
1-2: Strikes out swinging
Batting: RHB Dani Espinosa 0-0: Ball
1-0: Foul Ball, location: 2F
1-1: Ball
2-1: Foul Ball, location: 2F
2-2: Foul Ball, location: 2F
2-2: Ground out 5-3 (Groundball, 5S)
Batting: RHB Phil Fleming 0-0: Swinging Strike
0-1: Called Strike
0-2: Strikes out swinging
Top of the 6th over - 0 run(s), 0 hit(s), 0 error(s), 0 left on base; Yonkers 4 - Gryfindor 5
BOTTOM OF THE 6TH
Gryfindor Braves batting - Pitching for Yonkers Warlords : RHP Clinton Anderson
Batting: LHB Jim Unknown 0-0: Ball
1-0: Ball
2-0: Fly out, F8 (Flyball, 89D)
Batting: RHB Jim Unknown 0-0: Bunted foul
0-1: Ball
1-1: Foul Ball, location: 2F
1-2: Strikes out swinging
Batting: RHB Jim Unknown 0-0: Called Strike
0-1: Ball
1-1: Foul Ball, location: 2F
1-2: DOUBLE (Line Drive, 3)
Batting: RHB Jim Unknown 0-0: Ball
1-0: DOUBLE (Groundball, 5L)
Jim Unknown scores
Batting: RHB Manuel González 0-0: Ground out 4-3 (Groundball, 4)
Bottom of the 6th over - 1 run(s), 2 hit(s), 0 error(s), 1 left on base; Yonkers 4 - Gryfindor 6
TOP OF THE 7TH
Yonkers Warlords batting - Pitching for Gryfindor Braves : LHP Dusty Mueller
Batting: RHB Leonard Jones 0-0: Ball
1-0: Called Strike
1-1: Ball
2-1: Ball
3-1: Ground out 3-1 (Groundball, 34)
Batting: RHB Joe Smith 0-0: Ball
1-0: Fly out, F2 (Popup, 25F)
Batting: LHB Mark Evans 0-0: Ball
1-0: Swinging Strike
1-1: Foul Ball, location: 2F
1-2: Foul Ball, location: 2F
1-2: SINGLE (Groundball, 13) (infield hit)
Pitching: LHP Keith Hall
Batting: RHB Lance Davis 0-0: Ball
1-0: Foul Ball, location: 2F
1-1: DOUBLE (Line Drive, 8LM)
Mark Evans to third
Runner from 3rd tries for Home, SAFE, no throw or cutoff
Batting: RHB José Ayala 0-0: Foul Ball, location: 2F
0-1: SINGLE (Line Drive, 7LS)
Lance Davis to third
Runner from 3rd tries for Home, SAFE, throw made home
Batting: SHB Sherwood Hoffman 0-0: Foul Ball, location: 2F
0-1: Called Strike
0-2: Strikes out looking
Top of the 7th over - 2 run(s), 3 hit(s), 0 error(s), 1 left on base; Yonkers 6 - Gryfindor 6
BOTTOM OF THE 7TH
Gryfindor Braves batting - Pitching for Yonkers Warlords : RHP Clinton Anderson
Pitching: LHP Bobby Martin
Batting: LHB Fernando Martínez 0-0: Called Strike
0-1: Fly out, F7 (Flyball, 78M)
Pitching: RHP Tony Newell
Batting: RHB Kyle Wilson 0-0: Swinging Strike
0-1: Foul Ball, location: 2F
0-2: DOUBLE (Line Drive, 3D)
Pinch Hitting: RHB Jim Unknown 0-0: Ball
1-0: Ball
2-0: Called Strike
2-1: Called Strike
2-2: Foul Ball, location: 2F
2-2: Strikes out swinging
Batting: RHB José Casarreal 0-0: Ball
1-0: Foul Ball, location: 2F
1-1: Ball
2-1: Ground out 5-3 (Groundball, 56)
Bottom of the 7th over - 0 run(s), 1 hit(s), 0 error(s), 1 left on base; Yonkers 6 - Gryfindor 6
TOP OF THE 8TH
Yonkers Warlords batting - Pitching for Gryfindor Braves : LHP Keith Hall
Now at SS: Jim Unknown
Pinch Hitting: RHB Michael Messer 0-0: Called Strike
0-1: Foul Ball, location: 2F
0-2: Ball
1-2: Ball
2-2: Ball
3-2: Base on Balls
Batting: RHB Dani Espinosa 0-0: Ball
1-0: Ball
2-0: Bunted foul
2-1: Bunted foul
2-2: Ball
3-2: Grounds into double play, 6-4-3 (Groundball, 6M)
Pinch Hitting: RHB Paul Arthur 0-0: Swinging Strike
0-1: Swinging Strike
0-2: Foul Ball, location: 2F
0-2: Ball
1-2: Foul Ball, location: 2F
1-2: Ball
2-2: Foul Ball, location: 2F
2-2: Foul Ball, location: 2F
2-2: Strikes out looking
Top of the 8th over - 0 run(s), 0 hit(s), 0 error(s), 0 left on base; Yonkers 6 - Gryfindor 6
BOTTOM OF THE 8TH
Gryfindor Braves batting - Pitching for Yonkers Warlords : RHP Tony Newell
Now at 3B: Paul Arthur
Now in RF: Chris Law
Batting: LHB Jim Unknown 0-0: Ball
1-0: Ball
2-0: Ball
3-0: Base on Balls
Batting: RHB Jim Unknown 0-0: Called Strike
0-1: Ball
1-1: Ball
2-1: Called Strike
2-2: Fly out, F1 (Line Drive, 15S)
2-2: Lined into DP, 1-3 (Line Drive, 15S)
Pinch Hitting: LHB Jim Unknown 0-0: Foul Ball, location: 2F
0-1: Foul Ball, location: 2F
0-2: SINGLE (Line Drive, 34)
Batting: RHB Jim Unknown 0-0: Called Strike
0-1: Ball
1-1: SINGLE (Groundball, 56D)
Jim Unknown to second
Batting: RHB Manuel González 0-0: Ball
1-0: 3-RUN HOME RUN (Flyball, 78XD), Distance : 424 ft
Batting: LHB Fernando Martínez 0-0: Called Strike
0-1: Foul Ball, location: 2F
0-2: Ground out 6-3 (Groundball, 6M)
Bottom of the 8th over - 3 run(s), 3 hit(s), 0 error(s), 0 left on base; Yonkers 6 - Gryfindor 9
TOP OF THE 9TH
Yonkers Warlords batting - Pitching for Gryfindor Braves : LHP Keith Hall
Pitching: RHP Masaharu Suto
Now in RF: Jim Unknown
Batting: RHB Leonard Jones 0-0: Ball
1-0: Called Strike
1-1: Swinging Strike
1-2: Strikes out looking
Batting: RHB Joe Smith 0-0: Foul Ball, location: 2F
0-1: Ball
1-1: Foul Ball, location: 2F
1-2: Foul Ball, location: 2F
1-2: Strikes out looking
Batting: LHB Mark Evans 0-0: Ball
1-0: Swinging Strike
1-1: Swinging Strike
Single, Error in OF, E8, batter to second base
Batting: RHB Lance Davis 0-0: Called Strike
0-1: Foul Ball, location: 2F
0-2: Strikes out swinging
Top of the 9th over - 0 run(s), 1 hit(s), 1 error(s), 1 left on base; Yonkers 6 - Gryfindor 9
This league is powered by Out of the Park Baseball, the baseball management simulation game for PC, Mac and Linux
Saturday, February 27th, 2021 - OOTP Baseball 15.6 Build 34